 Seeded DCSS version 0.30-a0-632-g346586fe48 (webtiles) character file.

Game seed: 8801078753918749808 (custom seed)

121636 purpskrrrp the Devastator (level 16, -16/109 HPs)
             Began as a Demonspawn Conjurer on Jan 13, 2023.
             Was the Champion of Vehumet.
             Killed from afar by Mara (46 damage)
             ... with a bolt of fire
             ... on level 3 of the Spider Nest.
             The game lasted 02:46:43 (34940 turns).

purpskrrrp the Devastator (Demonspawn Conjurer)    Turns: 34940, Time: 02:46:44

Health: -16/109    AC: 12    Str:  7    XL:     16   Next: 32%
Magic:  1/30       EV: 18    Int: 38    God:    Vehumet [******]
Gold:   1560       SH:  0    Dex: 18    Spells: 7/35 levels left

rFire   . . .      SeeInvis +    S - +8 spear of Suicidal Tendencies {flame, rF+ rN+ Int+2 Dex+2}
rCold   . . .      Faith    +    H - orb {light}
rNeg    + . .      Spirit   .    M - +2 robe {Archmagi}
rPois   +          Reflect  .    Y - +1 hat of Uhuah {+Inv Dex+4}
rElec   .          Harm     .    l - scarf {repulsion}
rCorr   .          Rampage  .    c - +0 pair of gloves
Will    ++++.      Archmagi +    e - +2 pair of boots
Stlth   +          Clarity  +    m - amulet of faith
HPRegen 0.38/turn                g - ring of Lugonu, Telling {rPois rF- Will+++ SInv Stlth-}
MPRegen 0.22/turn                t - +8 ring of intelligence

@: glowing, studying Shields, repel missiles
A: horns 2, ignite blood 2, sharp scales 3, demonic magic 3, clarity, sturdy
frame 1
a: Renounce Religion, Evoke Invisibility


You were on level 3 of the Spider Nest.
You worshipped Vehumet.
Vehumet was exalted by your worship.
You visited 4 branches of the dungeon, and saw 25 of its levels.
You also visited: Trove, Sewer, Gauntlet and Ice Cave.

You collected 3471 gold pieces.
You spent 1911 gold pieces at shops.

Inventory:

Hand Weapons
 A - a +5 demon whip of electrocution
 S - the +8 spear of Suicidal Tendencies (weapon) {flame, rF+ rN+ Int+2 Dex+2}
   (You bought it in a shop on level 11 of the Dungeon)

   Int:       It affects your intelligence (+2).
   Dex:       It affects your dexterity (+2).
   rF:        It protects you from fire.
   rN:        It protects you from negative energy.
Missiles
 a - 8 silver javelins
 K - 2 throwing nets
 T - 5 curare-tipped darts
Armour
 c - a +0 pair of gloves (worn)
 e - a +2 pair of boots (worn)
 l - a scarf of repulsion (worn)
 H - an orb of light (worn)
 M - a +2 robe of the Archmagi (worn)
 Y - the +1 hat of Uhuah (worn) {+Inv Dex+4}
   (You found it in a treasure trove)

   Dex:       It affects your dexterity (+4).
   +Inv:      It lets you turn invisible.
Jewellery
 g - the ring of Lugonu, Telling (left hand) {rPois rF- Will+++ SInv Stlth-}
   (You bought it in a shop on level 6 of the Dungeon)

   [ring of poison resistance]

   rF:        It makes you vulnerable to fire.
   rPois:     It protects you from poison.
   SInv:      It lets you see invisible.
   Will:      It greatly increases your willpower.
   Stlth:     It makes you less stealthy.
 h - the amulet of Myprisk {Reflect Rampage rN+ Str-4 SH+5 Stlth+}
   (You found it in a treasure trove)

   [amulet of reflection]

   It reflects blocked missile attacks.
   Str:       It affects your strength (-4).
   rN:        It protects you from negative energy.
   SH:        It affects your SH (+5).
   Rampage:   It bestows one free step when moving towards enemies.
   Stlth:     It makes you more stealthy.
 m - an amulet of faith (around neck)
 q - a ring of flight
 s - a ring of magical power
 t - a +8 ring of intelligence (right hand)
 E - a ring of wizardry
 Z - a ring of fire
Wands
 x - a wand of paralysis (26)
 y - a wand of digging (4)
 L - a wand of quicksilver (17)
 O - a wand of flame (33)
 P - a wand of mindburst (14)
 W - a wand of roots (7)
Scrolls
 b - 3 scrolls of identify
 f - 3 scrolls of fog
 i - 10 scrolls of amnesia
 k - 6 scrolls of teleportation
 u - 4 scrolls of silence
 B - 2 scrolls of poison
 C - a scroll of brand weapon
 N - a scroll of blinking
 R - 2 scrolls of immolation
Potions
 d - 11 potions of flight
 j - 3 potions of invisibility
 o - 3 potions of brilliance
 p - 7 potions of cancellation
 r - 4 potions of mutation
 v - a potion of berserk rage
 w - a potion of might
 z - a potion of haste
 G - 14 potions of curing
 J - 4 potions of resistance


   Skills:
 - Level 5.0 Fighting
 - Level 5.0 Polearms
 + Level 2.0 Armour
 + Level 10.5 Dodging
 - Level 4.6 Stealth
 + Level 10.4 Spellcasting
 * Level 15.3 Conjurations
 + Level 9.2 Transmutations
 * Level 13.8 Fire Magic
 + Level 11.4 Poison Magic


You had 7 spell levels left.
You knew the following spells:

 Your Spells              Type           Power      Damage    Failure   Level
a - Magic Dart            Conj           100%       1d8       0%          1
b - Searing Ray           Conj           100%       2d8       0%          2
c - Ignite Poison         Fire/Tmut/Pois 100%       N/A       1%          3
d - Olgreb's Toxic Radia  Pois           100%       N/A       1%          4
e - Iskenderun's Mystic   Conj/Tloc      87%        2d17      1%          4
f - Fulminant Prism       Conj/Hex       43%        3d19      1%          4
g - Fireball              Conj/Fire      57%        3d22      1%          5
h - Iskenderun's Battles  Conj           100%       2d15      1%          5

Your spell library contained the following spells:

 Spells                   Type           Power      Damage    Failure   Level
 Maxwell's Capacitive Co  Air            14%        ∞         100%        8
 Sting                    Tmut/Pois      100%       1d8       1%          1
 Poisonous Vapours        Pois/Air       100%       N/A       1%          2
 Dazzling Flash           Conj/Hex       100%       N/A       1%          3
 Kindle Blastsparks       Fire/Tloc/Air  100%       2d18      1%          3
 Spider Form              Tmut/Pois      99%        N/A       1%          3
 Stone Arrow              Conj/Erth      100%       3d13      1%          3
 Alistair's Intoxication  Tmut/Pois      66%        N/A       1%          5
 Freezing Cloud           Conj/Ice/Air   36%        6-21      1%          5
 Irradiate                Conj/Tmut      53%        3d29      1%          5
 Eringya's Noxious Bog    Tmut/Pois      49%        N/A       1%          6
 Starburst                Conj/Fire      57%        6d15      1%          6
 Lee's Rapid Deconstruct  Erth           14%        3d9*      14%         5
 Animate Armour           Summ/Erth      58%        N/A       19%         4
 Borgnjor's Vile Clutch   Necr/Erth      14%        N/A       47%         5
 Fire Storm               Conj/Fire      57%        8d14      73%         9
 Lehudib's Crystal Spear  Conj/Erth      43%        10d11     77%         8


Dungeon Overview and Level Annotations

Branches:
Dungeon (15/15)            Temple (0/1) D:6            Lair (5/5) D:8
  Swamp (0/4) Lair:2       Spider (3/4) Lair:2        Slime (0/5) Lair:5
    Orc (2/2) D:11            Elf (0/3) Orc:2        Vaults (0/5) D:14
 Depths (0/4) D:15          Sewer (visited)           IceCv (visited)
Gauntlet (visited)

Altars:
Fedhas
Hepliaklqana
Makhleb
Nemelex Xobeh
Okawaru
Qazlal
Ru
Trog
Uskayaw
Vehumet
Jiyva

Shops:
D:5 !   D:6 =   D:10 :   D:11 :**   Orc:1 *   Orc:2 ([[*

Annotations:
Spider:3 Mara


Innate Abilities, Weirdness & Mutations

You have a pair of horns on your head.
Your demonic aura often causes spilled blood to erupt in flames.
You are completely covered in razor-sharp scales. (AC +3, Slay +3)
Spells you cast and wands you use may paralyse nearby enemies.
You possess an exceptional clarity of mind.
Your movements are slightly less encumbered by armour. (ER -2)


Message History

Aim: Mara, wielding a +1 demon trident of freezing and wearing a +0 robe (severely wounded, ally target, haloed, 100% to hit)
You feel a surge of power!
The magic dart hits Mara but does no damage.
Mara is severely wounded.
Malevolent energies surge around you.
Your battlesphere fires!
The barrage of energy hits Mara.
Mara is almost dead.
Your battlesphere expends the last of its energy and dissipates.
Reach: S) +8 spear of Suicidal Tendencies {flame, rF+ rN+ Int+2 Dex+2}
Press: ? - help, Dir - move target, f/p - Mara
Aim: Mara, wielding a +1 demon trident of freezing and wearing a +0 robe (almost dead, haloed, about 23% to evade the +8 spear of Suicidal Tendencies)
You reach to attack!
You completely miss Mara.
Mara is almost dead.
Mara says, "Bound art thou by all the snares!"
Mara misses you.
Reach: S) +8 spear of Suicidal Tendencies {flame, rF+ rN+ Int+2 Dex+2}
Press: ? - help, Dir - move target, f/p - Mara
Aim: Mara, wielding a +1 demon trident of freezing and wearing a +0 robe (severely wounded, haloed, about 23% to evade the +8 spear of Suicidal Tendencies)
You reach to attack!
You hit Mara.
Mara is almost dead.
A pharaoh ant comes into view.
Reach: S) +8 spear of Suicidal Tendencies {flame, rF+ rN+ Int+2 Dex+2}
Press: ? - help, Dir - move target, f/p - Mara
Aim: Mara, wielding a +1 demon trident of freezing and wearing a +0 robe (almost dead, haloed, about 23% to evade the +8 spear of Suicidal Tendencies)
You reach to attack!
The pharaoh ant gives a chilling moan.
You puncture Mara!
Mara is almost dead.
Mara misses you.
Reach: S) +8 spear of Suicidal Tendencies {flame, rF+ rN+ Int+2 Dex+2}
Press: ? - help, Dir - move target, f/p - Mara
Aim: Mara, wielding a +1 demon trident of freezing and wearing a +0 robe (almost dead, haloed, about 23% to evade the +8 spear of Suicidal Tendencies)
You reach to attack!
You hit Mara.
Mara is almost dead.
Mara gestures at you.
There is a horrible, sudden wrenching feeling in your soul!
Mara gestures at you. The bolt of fire hits you!!!
You die...

#.... #....^
#...... ##........
##..........
#...........
#####...........
#..#@.°.........
## #.............#
.# ##..R.†......#
..# #...#.....###
#..#
##!B@#..######..#
##....##........#
##.....^####y...##
#......^..###...#
##.........(.....#


You could see Mara, a pharaoh ant and purpskrrrp's illusion.

Vanquished Creatures
  Rupert (Lair:5)
  Jorgrun (D:14)
  Frances (Spider:2)
  Kirke (D:14)
  A minotaur (Gauntlet)
  Nessos (Lair:5)
  Azrael (D:14)
  A spark wasp (Spider:3)
  2 entropy weavers (Spider:2)
  Josephine (D:15)
  A rakshasa (D:15)
  A great orb of eyes (Gauntlet)
  Harold (Lair:1)
  A fire dragon (D:15)
  4 hydras
  4 centaur warriors
  A death knight (D:15)
  2 catoblepae
  An ice dragon (D:15)
  3 boulder beetles
  11 two-headed ogres
  12 death yaks
  A tengu warrior (D:15)
  A deep troll shaman (Lair:5)
  3 orc high priests (Orc:2)
  Amaemon (Lair:2)
  2 skeletal warriors (D:15)
  A pharaoh ant (Spider:2)
  An orb spider (Spider:2)
  2 bog bodies (IceCv)
  A phantasmal warrior (D:15)
  A wizard (D:14)
  3 deep elf pyromancers
  5 orc knights
  5 steelbarb worms
  2 wolf spiders
  A necromancer (D:14)
  3 oklob plants
  3 orc sorcerers (Orc:2)
  20 ugly things
  4 manticores
  5 cyclopes
  A shining eye (shapeshifter) (D:14)
  An ice statue (IceCv)
  A rust devil (Gauntlet)
  10 elephants
  4 demonic crawlers
  2 black mambas
  3 gargoyles
  4 kobold demonologists
  An orange demon (Lair:2)
  A torpor snail (Spider:3)
  6 cane toads
  12 komodo dragons
  An unseen horror (D:12)
  5 yaktaurs (D:15)
  2 efreet
  4 rime drakes
  3 anaconda simulacra (IceCv)
  A polar bear (Lair:3)
  A hornet (D:9)
  5 trolls
  6 meliai (Spider:2)
  17 tarantellas
  3 tyrant leeches (Lair:2)
  17 blink frogs
  4 dream sheep (Lair:5)
  13 jumping spiders
  3 dire elephant simulacra (IceCv)
  4 wyverns
  5 wraiths
  3 shadows
  7 culicivoras
  A ynoxinul (Gauntlet)
  4 fire elementals (D:14)
  A large abomination (Gauntlet)
  44 yaks
  3 basilisks
  4 hogs (D:14)
  2 steam dragons (D:7)
  A death yak simulacrum (IceCv)
  36 redbacks
  8 vampire mosquitoes
  A swamp worm (Lair:2)
  A warg (Orc:2)
  Menkaure (D:5)
  11 water moccasins
  A two-headed ogre zombie (D:11)
  An acid dragon (D:11)
  Duvessa (D:6)
  4 hell hounds (D:14)
  18 orc warriors
  A swamp drake (D:8)
  A sky beast (D:8)
  3 black bears
  5 ogres
  An ice beast (D:7)
  20 wolves
  12 centaurs
  3 small abominations (Gauntlet)
  3 phantoms
  5 kobold brigands
  Blork the orc (D:6)
  9 bullfrogs
  8 scorpions
  2 cane toad simulacra (IceCv)
  A gnoll sergeant (D:11)
  7 two-headed ogre simulacra (IceCv)
  A hornet simulacrum (D:14)
  16 wights
  Dowan (D:6)
  An elephant simulacrum (IceCv)
  3 troll zombies (D:11)
  12 killer bees
  4 howler monkeys
  4 iron imps (Gauntlet)
  2 jellies (D:8)
  2 hounds
  Crazy Yiuf (D:6)
  16 orc priests
  2 iguanas (D:7)
  26 orc wizards
  2 polar bear simulacra (IceCv)
  2 spriggan simulacra (IceCv)
  6 troll simulacra (IceCv)
  2 wolf simulacra (IceCv)
  4 ogre zombies (D:11)
  3 gnolls (D:11)
  17 adders
  5 river rats
  4 naga simulacra (IceCv)
  20 white imps
  10 ufetubi
  6 worms
  5 dart slugs
  64 orcs
  6 endoplasms
  5 giant cockroaches
  3 hobgoblins
  10 jackals
  4 quokkas
  14 ball pythons
  11 bats
  7 frilled lizards
  2 goblins (D:4)
  A goblin zombie (D:11)
  A hobgoblin skeleton (D:11)
  21 kobolds
  5 orc skeletons (D:11)
  18 orc zombies (D:11)
  A quokka zombie (D:4)
  6 rats
  A rat zombie (D:4)
  A bush (Lair:2)
851 creatures vanquished.

Vanquished Creatures (others)
  4 demonic plants (Gauntlet)
  47 fulminant prisms
  16 fungi
  14 plants
81 creatures vanquished.

Grand Total: 932 creatures vanquished

Notes
Turn   | Place    | Note
-------+----------+-------------------------------------------
     0 | D:1      | purpskrrrp the Demonspawn Conjurer began the quest for the
                  | Orb.
     0 | D:1      | Reached XP level 1. HP: 13/13 MP: 3/3
   444 | D:1      | Gained mutation: You have a pair of small horns on your
                  | head. [demonic ancestry]
   444 | D:1      | Reached XP level 2. HP: 8/19 MP: 1/5
   997 | D:1      | Gained mutation: You have a pair of horns on your head.
                  | [demonic ancestry]
   997 | D:1      | Reached XP level 3. HP: 24/24 MP: 2/6
  2178 | D:3      | Gained mutation: You are partially covered in razor-sharp
                  | scales. (AC +1, Slay +1) [demonic ancestry]
  2178 | D:3      | Reached XP level 4. HP: 23/30 MP: 6/8
  2282 | D:3      | Found a glowing drain.
  2301 | D:3      | HP: 1/30 [poisoned by an adder]
  2383 | Sewer    | Entered a sewer
  2387 | Sewer    | Learned a level 2 spell: Searing Ray
  2841 | Sewer    | Reached XP level 5. HP: 35/35 MP: 4/9
  3911 | D:3      | Reached skill level 5 in Conjurations
  4398 | D:4      | Found a radiant altar of Vehumet.
  4659 | D:4      | Gained mutation: Your demonic aura sometimes causes spilled
                  | blood to erupt in flames. [demonic ancestry]
  4659 | D:4      | Reached XP level 6. HP: 38/41 MP: 7/11
  4868 | D:4      | Became a worshipper of Vehumet
  5008 | D:4      | Found a sacrificial altar of Ru.
  5202 | D:4      | Found a blossoming altar of Fedhas.
  5922 | D:5      | Entered Level 5 of the Dungeon
  5922 | D:5      | Found Zaickaach's Distillery.
  6203 | D:5      | Gained mutation: You are mostly covered in razor-sharp
                  | scales. (AC +2, Slay +2) [demonic ancestry]
  6203 | D:5      | Reached XP level 7. HP: 15/46 MP: 6/12
  6362 | D:5      | Noticed Menkaure
  6371 | D:5      | Killed Menkaure
  7165 | D:6      | Found a stormy altar of Qazlal.
  7196 | D:6      | Reached * piety under Vehumet
  7196 | D:6      | Offered knowledge of Shock by Vehumet.
  7197 | D:6      | Reached skill level 6 in Conjurations
  7201 | D:6      | Learned a level 3 spell: Ignite Poison
  7206 | D:6      | Learned a level 4 spell: Olgreb's Toxic Radiance
  7303 | D:6      | Reached skill level 1 in Poison Magic
  7303 | D:6      | Gained mutation: Spells you cast may paralyse adjacent
                  | enemies. [demonic ancestry]
  7303 | D:6      | Reached XP level 8. HP: 46/52 MP: 5/14
  7558 | D:6      | Found Gumuvamu's One-of-a-Kind Rings.
  7610 | D:6      | Reached skill level 1 in Transmutations
  7610 | D:6      | Reached skill level 1 in Fire Magic
  7750 | D:6      | Noticed Blork the orc
  7763 | D:6      | Killed Blork the orc
  7983 | D:6      | Found a staircase to the Ecumenical Temple.
  8182 | D:6      | Noticed Dowan
  8182 | D:6      | Noticed Duvessa
  8188 | D:6      | Killed Dowan
  8193 | D:6      | Killed Duvessa
  8486 | D:6      | Found a hazy altar of Hepliaklqana.
  8565 | D:6      | Found a runed translucent door.
  8566 | D:6      | Noticed Crazy Yiuf
  8573 | D:6      | Killed Crazy Yiuf
  8637 | D:7      | Reached skill level 5 in Spellcasting
  8792 | D:7      | Reached skill level 7 in Conjurations
  8927 | D:7      | Reached skill level 5 in Dodging
  8934 | D:7      | Reached XP level 9. HP: 45/56 MP: 9/16
  9160 | D:7      | Found a sparkling altar of Nemelex Xobeh.
  9180 | D:7      | Reached ** piety under Vehumet
  9261 | D:7      | Offered knowledge of Scorch by Vehumet.
 10285 | D:8      | Offered knowledge of Inner Flame by Vehumet.
 10329 | D:8      | Reached *** piety under Vehumet
 10440 | D:8      | Found a hide-covered altar of Uskayaw.
 10614 | D:8      | Noticed a komodo dragon
 10623 | D:8      | Killed a komodo dragon
 10624 | D:8      | Reached skill level 8 in Conjurations
 10624 | D:8      | Reached skill level 5 in Poison Magic
 10732 | D:8      | Noticed a komodo dragon
 10735 | D:8      | Killed a komodo dragon
 10807 | D:8      | Reached XP level 10. HP: 60/63 MP: 12/18
 10852 | D:8      | Found a staircase to the Lair.
 11277 | D:8      | Learned a level 4 spell: Iskenderun's Mystic Blast
 11307 | D:9      | Offered knowledge of Hailstorm by Vehumet.
 11752 | D:9      | Reached skill level 9 in Conjurations
 11935 | D:9      | Found an iron altar of Okawaru.
 12067 | D:9      | Reached **** piety under Vehumet
 12172 | D:9      | Offered knowledge of Yara's Violent Unravelling by Vehumet.
 12299 | D:9      | Noticed a two-headed ogre
 12303 | D:9      | Killed a two-headed ogre
 12304 | D:9      | Gained mutation: Spells you cast may paralyse nearby
                  | enemies. [demonic ancestry]
 12304 | D:9      | Reached XP level 11. HP: 68/68 MP: 10/21
 12713 | D:9      | Noticed a two-headed ogre
 12720 | D:9      | Killed a two-headed ogre
 13046 | D:10     | Entered Level 10 of the Dungeon
 13251 | D:10     | Found Qierch's Book Emporium.
 13279 | D:10     | Found a burning altar of Makhleb.
 13301 | D:10     | Reached skill level 10 in Conjurations
 13336 | D:10     | Reached skill level 5 in Transmutations
 13547 | D:10     | Noticed a two-headed ogre
 13551 | D:10     | Killed a two-headed ogre
 13840 | D:10     | Reached skill level 5 in Fire Magic
 14039 | D:10     | Learned a level 4 spell: Fulminant Prism
 14368 | D:11     | Found Darel's General Store.
 14372 | D:11     | Noticed a centaur warrior
 14376 | D:11     | Killed a centaur warrior
 14453 | D:11     | Found Siewn's Assorted Antiques.
 14467 | D:11     | Bought an ancient spear for 200 gold pieces
 14467 | D:11     | Identified the +8 spear of Suicidal Tendencies {flame, rF+
                  | rN+ Int+2 Dex+2} (You bought it in a shop on level 11 of
                  | the Dungeon)
 14516 | D:11     | Reached ***** piety under Vehumet
 14518 | D:11     | Offered knowledge of Fireball by Vehumet.
 14525 | D:11     | Learned a level 5 spell: Fireball
 14662 | D:11     | Found a staircase to the Orcish Mines.
 14706 | D:11     | Noticed a cyan ugly thing
 14712 | D:11     | Killed a cyan ugly thing
 14720 | D:11     | Noticed a two-headed ogre
 14753 | D:11     | Killed a two-headed ogre
 15025 | D:11     | Found Govvut's Book Shoppe.
 15164 | D:11     | Reached XP level 12. HP: 59/74 MP: 16/23
 15375 | D:11     | Noticed a two-headed ogre
 15380 | D:11     | Killed a two-headed ogre
 15381 | D:11     | Reached skill level 11 in Conjurations
 15560 | D:12     | Noticed a boulder beetle
 15566 | D:12     | Killed a boulder beetle
 15690 | D:12     | Found a gate leading to a gauntlet.
 15707 | Gauntlet | Entered a Gauntlet
 15707 | Gauntlet | Found a transporter.
 15895 | Gauntlet | Found a transporter.
 15910 | Gauntlet | Found a transporter.
 15915 | Gauntlet | Found a transporter.
 15930 | Gauntlet | Found a transporter.
 15949 | Gauntlet | Found a transporter.
 15958 | Gauntlet | Noticed a great orb of eyes
 15961 | Gauntlet | Found a transporter.
 15973 | Gauntlet | Found a transporter.
 15985 | Gauntlet | Found a transporter.
 15993 | Gauntlet | Noticed a death scarab
 15997 | Gauntlet | Found a transporter.
 15999 | Gauntlet | Noticed a death scarab
 16014 | Gauntlet | Found a transporter.
 16032 | Gauntlet | Found a transporter.
 16034 | Gauntlet | Found a transporter.
 16060 | Gauntlet | Found a transporter.
 16062 | Gauntlet | Found a transporter.
 16082 | Gauntlet | Found a transporter.
 16160 | Gauntlet | Found a transporter.
 16180 | Gauntlet | Found a transporter.
 16414 | Gauntlet | Identified the +1 helmet "Surung" {rElec Dex+2}
 16673 | Gauntlet | Killed a great orb of eyes
 16693 | Gauntlet | Identified the +1 helmet of the Mackerel {rPois rF+ rCorr
                  | Dex-5}
 16715 | Gauntlet | Noticed a minotaur
 16725 | Gauntlet | Killed a minotaur
 16963 | D:12     | Noticed a two-headed ogre
 16971 | D:12     | Killed a two-headed ogre
 17654 | D:13     | Noticed a two-headed ogre
 17658 | D:13     | Killed a two-headed ogre
 17665 | D:13     | Noticed a two-headed ogre
 17670 | D:13     | Killed a two-headed ogre
 17671 | D:13     | Reached skill level 12 in Conjurations
 17848 | D:13     | Found an iron altar of Okawaru.
 17851 | D:13     | Noticed a two-headed ogre
 17856 | D:13     | Killed a two-headed ogre
 18082 | D:13     | Noticed a seven-headed hydra
 18087 | D:13     | Killed a seven-headed hydra
 18088 | D:13     | Gained mutation: You are completely covered in razor-sharp
                  | scales. (AC +3, Slay +3) [demonic ancestry]
 18088 | D:13     | Reached XP level 13. HP: 79/79 MP: 19/25
 18168 | D:13     | Identified the +1 pair of boots of the Maze {Stlth+}
 18488 | D:13     | Offered knowledge of Lightning Bolt by Vehumet.
 18818 | D:14     | Noticed Azrael
 18818 | D:14     | Noticed Jorgrun
 18824 | D:14     | Killed Jorgrun
 18829 | D:14     | Killed Azrael
 18909 | D:14     | Found a gate to the Vaults.
 18917 | D:14     | Found a bloodstained altar of Trog.
 18934 | D:14     | Gained mutation: Your spells are a little easier to cast,
                  | but a little less powerful. [a shining eye]
 19562 | D:14     | Noticed Kirke
 19565 | D:14     | Reached skill level 10 in Fire Magic
 19731 | D:14     | Killed Kirke
 19732 | D:14     | Reached skill level 13 in Conjurations
 19977 | D:14     | Identified a scroll of acquirement
 19979 | D:14     | Lost mutation: Your spells are a little easier to cast, but
                  | a little less powerful. [potion of mutation]
 19979 | D:14     | Gained mutation: Your movements are slightly less
                  | encumbered by armour. (ER -2) [potion of mutation]
 19979 | D:14     | Gained mutation: You possess an exceptional clarity of
                  | mind. [potion of mutation]
 19980 | D:14     | Acquired the Vademecum on the Ruinous Xenotype
 20027 | D:15     | Entered Level 15 of the Dungeon
 20132 | D:15     | Reached skill level 1 in Fighting
 20160 | D:15     | Reached skill level 1 in Polearms
 20268 | D:15     | Gained mutation: Spells you cast and wands you use may
                  | paralyse nearby enemies. [demonic ancestry]
 20268 | D:15     | Reached XP level 14. HP: 59/88 MP: 7/27
 20493 | D:15     | Found a staircase to the Depths.
 20608 | D:15     | Offered knowledge of Iron Shot by Vehumet.
 20757 | D:15     | Reached skill level 10 in Poison Magic
 20822 | D:15     | Noticed Josephine
 20827 | D:15     | Killed Josephine
 21842 | D:15     | Found a portal to a secret trove of treasure.
 22220 | Lair:1   | Entered Level 1 of the Lair of Beasts
 22651 | Lair:1   | Noticed Harold
 22659 | Lair:1   | Killed Harold
 23296 | Lair:2   | Noticed Amaemon
 23300 | Lair:2   | Killed Amaemon
 23632 | Lair:2   | Found a hole to the Spider Nest.
 23783 | Lair:2   | Found a staircase to the Swamp.
 24474 | Lair:3   | Offered knowledge of Spellforged Servitor by Vehumet.
 25234 | Lair:3   | Identified the +0 robe of the Guava {*Corrode SInv Stlth+
                  | Archmagi}
 26474 | Lair:5   | Entered Level 5 of the Lair of Beasts
 26474 | Lair:5   | Noticed Rupert
 26477 | Lair:5   | Noticed Nessos
 26480 | Lair:5   | Killed Rupert
 26481 | Lair:5   | Reached skill level 5 in Fighting
 26481 | Lair:5   | Reached skill level 14 in Conjurations
 26481 | Lair:5   | Gained mutation: Your demonic aura often causes spilled
                  | blood to erupt in flames. [demonic ancestry]
 26481 | Lair:5   | Reached XP level 15. HP: 97/103 MP: 5/28
 26737 | Lair:5   | Killed Nessos
 27166 | Lair:5   | Reached skill level 5 in Polearms
 27446 | Lair:5   | Found a viscous altar of Jiyva.
 27452 | Lair:5   | Offered knowledge of Iskenderun's Battlesphere by Vehumet.
 27453 | Lair:5   | Found a staircase to the Slime Pits.
 27468 | Lair:5   | Learned a level 5 spell: Iskenderun's Battlesphere
 28776 | Orc:1    | Entered Level 1 of the Orcish Mines
 28892 | Orc:1    | Found Mazoy's Gadget Gallery.
 29226 | Orc:2    | Entered Level 2 of the Orcish Mines
 29316 | Orc:2    | Reached ****** piety under Vehumet
 29329 | Orc:2    | Reached skill level 10 in Dodging
 29340 | Orc:2    | Reached skill level 10 in Spellcasting
 29395 | Orc:2    | Found Qeosyur's Armour Shoppe.
 29395 | Orc:2    | Found Cuhocymau's Antique Weapon Shop.
 29397 | Orc:2    | Found Idghefruf's Assorted Antiques.
 29397 | Orc:2    | Found Vadoug's Antique Armour Shop.
 29418 | Orc:2    | Found a frozen archway.
 29430 | IceCv    | Entered an ice cave
 29593 | IceCv    | Offered knowledge of Conjure Ball Lightning by Vehumet.
 31333 | Orc:2    | Found a staircase to the Elven Halls.
 31543 | Orc:2    | Bought a scroll of fear for 80 gold pieces
 31543 | Orc:2    | Bought a pair of runed boots for 150 gold pieces
 31717 | D:15     | You paid a toll of 7 scrolls of fear to enter a treasure
                  | trove
 31718 | Trove    | Entered a treasure trove
 31725 | Trove    | Identified the amulet of Myprisk {Reflect Rampage rN+ Str-4
                  | SH+5 Stlth+}
 31732 | Trove    | Identified the +1 hat of Uhuah {+Inv Dex+4}
 31738 | Trove    | Identified the ring "Wisurus" {Fly rPois rF+ Str+2 Int-3}
 31977 | D:6      | Bought the ring of Lugonu, Telling {rPois rF- Will+++ SInv
                  | Stlth-} for 711 gold pieces
 31977 | D:6      | Bought a +8 ring of intelligence for 770 gold pieces
 32192 | Spider:1 | Entered Level 1 of the Spider Nest
 32736 | Spider:1 | Reached skill level 15 in Conjurations
 32953 | Spider:1 | Offered knowledge of Maxwell's Capacitive Coupling by
                  | Vehumet.
 32960 | Spider:1 | Reached XP level 16. HP: 87/109 MP: 21/30
 33524 | Spider:2 | Reached skill level 1 in Armour
 34310 | Spider:2 | Noticed Frances
 34319 | Spider:2 | Killed Frances
 34727 | Spider:3 | Noticed Mara
 34729 | Spider:3 | Noticed purpskrrrp's illusion
 34940 | Spider:3 | Noticed purpskrrrp's illusion
 34940 | Spider:3 | Killed from afar by Mara

Illustrated notes

Levels and vault maps discovered:
D:1:      scummos_arrival_forest, layout_basic
D:2:      layout_loops_cross
D:3:      layout_loops_ring, lightli_sewer_entry_pipes,
          kennysheep_generic_room_14
D:4:      layout_loops_corners, nicolae_vehumet_radiance, fedhas_altar_3,
          elyvilon_altar_1, nicolae_ru_awakened_eye, enter_ossuary_4
D:5:      layout_basic, serial_shops, nicolae_shop_hallway_stairs, uniq_menkaure
D:6:      nicolae_cairo_tiling_large_dashed, layout_basic,
          nicolae_hepliaklqana_hippocampus, nicolae_qazlal_general_emergency,
          minmay_temple_entry_drinking_statues, nicolae_shop_unique_rings,
          minmay_stone_trees_medium, uniq_duvessa, uniq_blork_the_orc,
          uniq_crazy_yiuf_cottage
D:7:      layout_gridville, nemelex_spade_bored_becter
D:8:      layout_loops_ring, nicolae_uskayaw_dance_hall, erik_lair_dragon
D:9:      layout_loops_corners, lemuel_tele_altar
D:10:     layout_irregular_city, mainiacjoe_overflow_concentric_impassable,
          serial_shops, shop, minmay_diced_spiral
D:11:     layout_long_grid, zombieorc2_lemuel, serial_shops,
          nicolae_stop_n_shop_1, shop, nicolae_shop_overgrown_old_shop
D:12:     layout_basic, gauntlet_entry_generic
D:13:     layout_basic, okawaru_ov_weapons_minmay
D:14:     layout_rooms, david_vaults_1, bloody_trog, grunt_decor_mini_mirrors,
          uniq_azrael, uniq_kirke, uniq_jorgrun
D:15:     grunt_enter_depths_hoard, layout_gridville,
          nicolae_trove_entry_columns, uniq_josephine
Lair:1:   layout_gridlike, bh_autumn_forest_stairs, uniq_harold
Lair:2:   layout_gridlike, minmay_swamp_entry_worms,
          nicolae_spider_entry_non_spiders, uniq_amaemon
Lair:3:   layout_regular_city, kennysheep_catoblepas_arena, grunt_megastairs_2
Lair:4:   layout_cave_shapes
Lair:5:   grunt_lair_end_beastmaster, layout_hall_layers,
          minmay_slime_entry_oklob_enclosed, serial_bayou_shore_b,
          serial_bayou_shore_b, grunt_megastairs_5, uniq_nessos, uniq_rupert
Spider:1: layout_spider_delve
Spider:2: layout_spider_delve, uniq_frances
Spider:3: layout_cave_pods, nicolae_spider_twisty_arc_passages,
          nicolae_spider_cling_halls, uniq_mara, uniq_arachne
Orc:1:    layout_diamond_mine, serial_shops, nicolae_shop_gadgets
Orc:2:    grunt_orc_tribal_feast, layout_diamond_mine,
          portal_ice_cave_entry_imps

Skill      XL: |  1  2  3  4  5  6  7  8  9 10 11 12 13 14 15 16 |
---------------+-------------------------------------------------+-----
Stealth        | 2 3 4 |  4.6
Dodging        | 2 3 4 5 6 7 8 9 10 | 10.5
Spellcasting   | 3 4 5 6 7 8 9 10 | 10.4
Conjurations   | 5 6 7 8 9 10 12 13 14 15 | 15.3
Poison Magic   | 1 3 5 7 8 9 10 11 | 11.4
Transmutations | 2 3 4 5 6 7 8 9 |  9.2
Fire Magic     | 2 3 4 5 8 10 12 13 | 13.8
Fighting       | 1 5 |  5.0
Polearms       | 1 4 5 |  5.0
Armour         | 2 |  2.0

Action                   |  1- 3 |  4- 6 |  7- 9 | 10-12 | 13-15 | 16-18 || total
-------------------------+-------+-------+-------+-------+-------+-------++-------
Melee: Unarmed           |    46 |       |       |       |       |       ||    46
       Headbutt          |     6 |    10 |    13 |    39 |    69 |     7 ||   144
       Whip              |     8 |    96 |       |       |       |       ||   104
       Punch             |       |     1 |     1 |       |       |       ||     2
       Short sword       |       |    15 |    44 |       |       |       ||    59
       Falchion          |       |       |    27 |    42 |       |       ||    69
       Spear             |       |       |       |   136 |   262 |    31 ||   429
Throw: Dart              |       |     8 |     2 |     1 |     1 |       ||    12
       Javelin           |       |       |       |       |     1 |       ||     1
 Cast: Magic Dart        |    63 |   180 |   155 |   155 |   170 |    14 ||   737
       Searing Ray       |       |     6 |    23 |    13 |    19 |     2 ||    63
       Olgreb's Toxic Ra |       |       |     7 |    47 |   115 |    33 ||   202
       Ignite Poison     |       |       |     6 |    48 |    71 |    15 ||   140
       Iskenderun's Myst |       |       |       |    29 |    61 |    15 ||   105
       Fireball          |       |       |       |    20 |    96 |    16 ||   132
       Fulminant Prism   |       |       |       |    11 |    34 |     2 ||    47
       Iskenderun's Batt |       |       |       |       |     8 |     5 ||    13
  Use: Potion            |     2 |     4 |     1 |     3 |     5 |     1 ||    16
       Scroll            |     3 |    10 |     9 |     8 |    14 |     2 ||    46
 Stab: Paralysed         |       |       |       |     8 |    17 |     4 ||    29
       Distracted        |       |       |       |       |     1 |       ||     1
Armor: Robe              |    22 |    52 |     7 |    12 |    51 |     6 ||   150
       Steam dragon scal |       |       |     5 |     9 |       |       ||    14
Dodge: Dodged            |    45 |   123 |    53 |   109 |   242 |    20 ||   592
       Repelled          |       |       |       |     4 |     6 |     1 ||    11

Table legend: (Time is in decaauts)
 A = Elapsed time spent in this place.
 B = Non-inter-level travel time spent in this place.
 C = Inter-level travel time spent in this place.
 D = Time resting spent in this place.
 E = Time spent auto-exploring this place.
 F = Levels seen in this place.
 G = Mean time per level.
                   A        B        C        D        E       F      G
               +--------+--------+--------+--------+--------+-----+--------+
         Total |  34967 |  32705 |   2262 |   4479 |  22949 |  29 | 1205.8 |
       Dungeon |  20629 |  18928 |   1701 |   2188 |  14135 |  15 | 1375.3 |
          Lair |   6653 |   6286 |    367 |    678 |   4786 |   5 | 1330.6 |
   Spider Nest |   2557 |   2507 |     50 |    498 |   1618 |   3 |  852.3 |
  Orcish Mines |   1109 |    967 |    142 |     81 |    688 |   2 |  554.5 |
         Trove |     80 |     80 |      0 |      0 |      0 |   1 |   80.0 |
         Sewer |   1155 |   1155 |      0 |    239 |    590 |   1 | 1155.0 |
      Ice Cave |   1718 |   1718 |      0 |    436 |    838 |   1 | 1718.0 |
      Gauntlet |   1064 |   1064 |      0 |    359 |    294 |   1 | 1064.0 |
               +--------+--------+--------+--------+--------+-----+--------+

Top non-repeatable levels by time:
    D:15: 2077 daAuts
  Lair:5: 1849 daAuts
     D:9: 1800 daAuts
   IceCv: 1718 daAuts
     D:8: 1644 daAuts
  Lair:2: 1499 daAuts
     D:6: 1483 daAuts
Spider:2: 1454 daAuts
     D:4: 1444 daAuts
     D:1: 1377 daAuts
    D:10: 1374 daAuts
     D:7: 1337 daAuts
    D:11: 1286 daAuts
    D:14: 1285 daAuts
     D:3: 1246 daAuts
